 Dungeon Crawl Stone Soup version 0.31-a0-1161-g593ecc88b7 (webtiles) character file.

Game seed: 263789418437025024

1290 night the Digger (level 8, -1/48 HPs)
             Began as a Gargoyle Earth Elementalist on Dec 8, 2023.
             Was an Initiate of Vehumet.
             Slain by Edmund
             ... wielding a +3 heavy flail
              (14 damage)
             ... on level 6 of the Dungeon.
             The game lasted 00:14:19 (5860 turns).

night the Digger (Gargoyle Earth Elementalist)      Turns: 5860, Time: 00:14:20

Health: -1/48      AC: 10    Str: 11    XL:     8   Next: 55%
Magic:  0/15       EV: 11    Int: 25    God:    Vehumet [......]
Gold:   177        SH:  0    Dex: 10    Spells: 8/16 levels left

rFire   . . .        r - +3 flail
rCold   . . .        (no shield)
rNeg    + + .        a - +0 robe
rPois   ∞            (no helmet)
rElec   +            k - +0 cloak
rCorr   .            n - +0 pair of gloves
SInv    .            m - +0 pair of boots
Will    .....        (no amulet)
Stlth   ++           i - ring of positive energy
HPRegen 0.28/turn    f - +6 ring of intelligence
MPRegen 0.14/turn

%: no passive effects
@: no status effects
A: sickness immunity, AC +5, negative energy resistance 1, electricity
resistance, torment resistance 1, petrification resistance
a: Renounce Religion


You were on level 6 of the Dungeon.
You worshipped Vehumet.
Vehumet was noncommittal.
You visited 1 branch of the dungeon, and saw 6 of its levels.

You collected 325 gold pieces.
You spent 148 gold pieces at shops.

Inventory:

Hand Weapons
 g - a +0 whip
 r - a +3 flail (weapon)
 u - a +1 short sword of venom
Missiles
 c - 6 poisoned darts
 j - 58 stones
 q - 6 javelins
 w - 8 boomerangs
Armour
 a - a +0 robe (worn)
 k - a +0 cloak (worn)
 m - a +0 pair of boots (worn)
 n - a +0 pair of gloves (worn)
Jewellery
 d - a ring of flight
 f - a +6 ring of intelligence (right hand)
 i - a ring of positive energy (left hand)
 s - a ring of fire
Wands
 D - a wand of quicksilver (12)
Scrolls
 v - 2 scrolls of poison
 x - a scroll of teleportation {unknown}
 B - a scroll of immolation
 F - a scroll of vulnerability {unknown}
 G - a scroll of brand weapon {unknown}
 H - a scroll of amnesia
Potions
 b - 2 potions of magic
 e - 5 potions of might
 h - 2 potions of invisibility
 l - a potion of attraction {unknown}
 o - 3 potions of curing
 p - a potion of brilliance {unknown}
 t - 2 potions of ambrosia {unknown}
 z - a potion of mutation {unknown}
 A - 2 potions of haste {unknown}
 C - a potion of resistance {unknown}
 E - 2 potions of heal wounds {unknown}


   Skills:
 + Level 3.8 Fighting
 + Level 3.0 Maces & Flails
 - Level 1.5 Dodging
 - Level 2.1 Stealth
 * Level 4.9 Spellcasting
 * Level 5.1 Conjurations
 - Level 0.7 Transmutations
 * Level 7.2 Earth Magic


You had 8 spell levels left.
You knew the following spells:

 Your Spells              Type           Power      Damage    Failure   Level
a - Sandblast             Erth           84%        2d18      1%          1
b - Stone Arrow           Conj/Erth      74%        3d11      1%          3
c - Brom's Barrelling Bo  Conj/Erth      37%        2d6       6%          4

Your spell library contained the following spells:

 Spells                   Type           Power      Damage    Failure   Level
 Passwall                 Tmut/Erth      21%        N/A       2%          2
 Static Discharge         Conj/Air       38%        3-5/arc   4%          2
 Lesser Beckoning         Tloc           12%        N/A       13%         2
 Petrify                  Tmut/Erth      26%        N/A       16%         4
 Ignite Poison            Fire/Tmut/Pois 7%         N/A       22%         3
 Gell's Gravitas          Tloc           6%         N/A       26%         3
 Teleport Other           Tloc           6%         N/A       26%         3
 Volatile Blastmotes      Fire/Tloc      12%        2d11      26%         3
 Fulminant Prism          Conj/Hex       9%         3d7       28%         4
 Iskenderun's Mystic Bla  Conj/Tloc      19%        2d6       28%         4
 Sticky Flame             Conj/Fire      19%        2d4       28%         4
 Airstrike                Air            3%         2d(1-17)  63%         4
 Summon Lightning Spire   Summ/Air       6%         N/A       63%         4
 Ignition                 Fire           3%         3d4       100%        8


Dungeon Overview and Level Annotations

Branches:
Dungeon (6/15)
 Temple: D:4-7

Altars:
Dithmenos
Fedhas
Kikubaaqudgha
Nemelex Xobeh
Uskayaw
Vehumet
Yredelemnul

Shops:
D:3 =   D:6 ([

Annotations:
D:6 Edmund


Innate Abilities, Weirdness & Mutations

You are immune to sickness and miasma.
Your stone body is resilient. (AC +5)
You are immune to poison.
You resist negative energy. (rN+)
You are resistant to electric shocks. (rElec)
You are resistant to unholy torment.
You are immune to petrification.


Message History

Press: ? - help, Shift-Dir - straight line, f/p - Edmund
Aim: Edmund, wielding a +3 heavy flail and wearing a +8 chain mail of ponderousness (lightly wounded, 89% to hit)
The blast of sand hits Edmund.
Edmund is lightly wounded.
Edmund barely misses you.
Casting: Sandblast (safe; 1% risk of failure)
Confirm with . or Enter, or press ? or * to list all spells.
Aiming: Stone Arrow (safe; 1% risk of failure)
Press: ? - help, Shift-Dir - straight line, f/p - Edmund
Aim: Edmund, wielding a +3 heavy flail and wearing a +8 chain mail of ponderousness (lightly wounded, 81% to hit)
The stone arrow hits Edmund!
Edmund is moderately wounded.
Edmund hits you with a +3 heavy flail!
Casting: Stone Arrow (safe; 1% risk of failure)
Confirm with . or Enter, or press ? or * to list all spells.
Aiming: Stone Arrow (safe; 1% risk of failure)
Press: ? - help, Shift-Dir - straight line, f/p - Edmund
Aim: Edmund, wielding a +3 heavy flail and wearing a +8 chain mail of ponderousness (moderately wounded, 81% to hit)
The stone arrow misses Edmund.
Edmund hits you with a +3 heavy flail!
Casting: Stone Arrow (safe; 1% risk of failure)
Confirm with . or Enter, or press ? or * to list all spells.
Aiming: Stone Arrow (safe; 1% risk of failure)
Press: ? - help, Shift-Dir - straight line, f/p - Edmund
Aim: Edmund, wielding a +3 heavy flail and wearing a +8 chain mail of ponderousness (moderately wounded, 81% to hit)
The stone arrow hits Edmund.
Edmund is moderately wounded.
You barely miss Edmund.
Edmund is moderately wounded.
Edmund hits you with a +3 heavy flail.
* * * LOW HITPOINT WARNING * * *
Casting: Stone Arrow (safe; 1% risk of failure)
Confirm with . or Enter, or press ? or * to list all spells.
Aiming: Stone Arrow (safe; 1% risk of failure)
Press: ? - help, Shift-Dir - straight line, f/p - Edmund
Aim: Edmund, wielding a +3 heavy flail and wearing a +8 chain mail of ponderousness (moderately wounded, 81% to hit)
The stone arrow hits Edmund but does no damage.
Edmund is moderately wounded.
Edmund hits you with a +3 heavy flail!
You die...
Edmund whines, "They better pay attention to me now!"

.......#...................##..##
###....##.####..##.#..##...##.##
#.........##..######.####....##
##....#.......####.#.####[∩...#
.....##.......<..#....#...#...#
....#............##........#####
.....#.....................# .
#..#.#..####....<.....#
#.####@.#............## #.
#..@............%.# #.
#....#...........##
......#..##.#.....#
#..........#.....###
............##...## ...##......
##...## .## #.#.##..


You could see Edmund.

Vanquished Creatures
  Sigmund (D:2)
  Menkaure (D:4)
  An orc warrior (D:5)
  2 ogres
  2 lemures (D:4)
  A bullfrog (D:6)
  A scorpion (D:5)
  2 orc priests
  2 hounds
  5 orc wizards
  4 iguanas (D:5)
  7 gnolls
  8 adders
  4 worms
  3 dart slugs
  18 orcs
  9 endoplasms
  4 giant cockroaches
  7 goblins
  8 hobgoblins
  10 jackals
  8 kobolds
  7 quokkas
  6 ball pythons
  3 bats
  5 frilled lizards
  5 rats
134 creatures vanquished.

Vanquished Creatures (collateral kills)
  4 boulders
4 creatures vanquished.

Vanquished Creatures (others)
  6 boulders
6 creatures vanquished.

Grand Total: 144 creatures vanquished

Notes
Turn   | Place    | Note
-------+----------+-------------------------------------------
     0 | D:1      | night the Gargoyle Earth Elementalist began the quest for
                  | the Orb.
     0 | D:1      | Reached XP level 1. HP: 10/10 MP: 3/3
   112 | D:1      | Reached XP level 2. HP: 16/16 MP: 1/5
   354 | D:1      | Reached skill level 1 in Fighting
   354 | D:1      | Reached skill level 4 in Earth Magic
   424 | D:1      | Found a faded altar of an unknown god.
   600 | D:1      | Reached XP level 3. HP: 20/20 MP: 3/6
   676 | D:1      | Reached skill level 1 in Conjurations
   744 | D:1      | Learned a level 3 spell: Stone Arrow
  1211 | D:2      | Noticed Sigmund
  1354 | D:2      | Killed Sigmund
  1355 | D:2      | Reached skill level 2 in Fighting
  1355 | D:2      | Reached skill level 1 in Maces & Flails
  1355 | D:2      | Reached skill level 2 in Conjurations
  1355 | D:2      | Reached XP level 4. HP: 17/26 MP: 3/8
  1355 | D:2      | Reached XP level 5. HP: 19/30 MP: 3/9
  1462 | D:2      | Reached skill level 5 in Earth Magic
  1753 | D:2      | Reached XP level 6. HP: 35/35 MP: 8/10
  2369 | D:3      | Found a sparkling altar of Nemelex Xobeh.
  2375 | D:3      | Learned a level 4 spell: Brom's Barrelling Boulder
  3096 | D:3      | Found Nageugog's One-of-a-Kind Rings.
  3268 | D:4      | Found a blossoming altar of Fedhas.
  3694 | D:4      | Found a basalt altar of Yredelemnul.
  3771 | D:4      | Noticed Menkaure
  3774 | D:4      | Killed Menkaure
  3775 | D:4      | Reached skill level 2 in Maces & Flails
  3775 | D:4      | Reached XP level 7. HP: 40/40 MP: 7/12
  4140 | D:4      | Found a hide-covered altar of Uskayaw.
  4255 | D:5      | Entered Level 5 of the Dungeon
  4272 | D:5      | Reached skill level 6 in Earth Magic
  4558 | D:5      | Reached XP level 8. HP: 12/46 MP: 3/14
  4947 | D:5      | Found a radiant altar of Vehumet.
  4972 | D:5      | Became a worshipper of Vehumet
  5240 | D:5      | Found a shadowy altar of Dithmenos.
  5355 | D:5      | Found an ancient bone altar of Kikubaaqudgha.
  5582 | D:5      | Reached skill level 7 in Earth Magic
  5656 | D:6      | Found Haf Tulo's Antique Armour Shop.
  5667 | D:6      | Bought a cloak for 148 gold pieces
  5719 | D:6      | Reached skill level 5 in Conjurations
  5830 | D:6      | Found Zukkiqaff's Weapon Shop.
  5849 | D:6      | Noticed Edmund
  5860 | D:6      | Slain by Edmund

Illustrated notes

Levels and vault maps discovered:
D:1:      wander_arrival_abandoned_jail, layout_basic,
          shapermc_ecumenical_altar_mp_highgroup, minmay_misc_feat_pillars,
          minmay_misc_feat_plants, serial_bayou_pond_a
D:2:      layout_rooms, reono_crystal_passage, minmay_circle_x, uniq_sigmund
D:3:      layout_loops_ring, mainiacjoe_overflow_concentric_impassable,
          dk_noncrumbling_3, nicolae_shop_unique_rings,
          kennysheep_generic_room_11
D:4:      layout_basic, fedhas_ov_isle_minmay, yredelemnul_altar_generic,
          nicolae_uskayaw_suspiria, uniq_pikel, uniq_menkaure
D:5:      layout_basic, nicolae_overflow_crystal_walls,
          nicolae_dithmenos_shadow_blocks, mainiacjoe_overflow_24_doors,
          nicolae_nh_ransacked_shop
D:6:      layout_cave_pools, zin_academy, minmay_temple_entry_antechambers,
          serial_shops, shop, shop, nicolae_shop_tiny_waterfront,
          nicolae_shop_stone, shop, uniq_edmund, uniq_jeremiah

Skill      XL: |  1  2  3  4  5  6  7  8 |
---------------+-------------------------+-----
Fighting       | 1 2 3 |  3.8
Earth Magic    | 4 5 6 7 |  7.2
Conjurations   | 2 3 4 5 |  5.1
Maces & Flails | 1 2 3 |  3.0
Spellcasting   | 3 4 |  4.9
Dodging        | |  1.5
Stealth        | |  2.1
Transmutations | |  0.7

Action                     |  1- 3 |  4- 6 |  7- 9 || total
---------------------------+-------+-------+-------++-------
  Melee: Unarmed           |     3 |       |       ||     3
         Whip              |    40 |     3 |       ||    43
         Flail             |       |    12 |    27 ||    39
   Cast: Sandblast         |    31 |    71 |    32 ||   134
         Stone Arrow       |     4 |     9 |    12 ||    25
         Brom's Barrelling |       |     3 |    15 ||    18
    Use: Scroll            |       |     8 |     2 ||    10
 Armour: Robe              |    22 |    38 |    43 ||   103
         Gold dragon scale |    59 |       |       ||    59
  Dodge: Dodged            |    11 |    25 |    20 ||    56

Table legend: (Time is in decaauts)
 A = Elapsed time spent in this place.
 B = Non-inter-level travel time spent in this place.
 C = Inter-level travel time spent in this place.
 D = Time resting spent in this place.
 E = Time spent auto-exploring this place.
 F = Levels seen in this place.
 G = Mean time per level.
                   A        B        C        D        E       F      G
               +--------+--------+--------+--------+--------+-----+--------+
         Total |   5945 |   5827 |    118 |   1017 |   3838 |   6 |  990.8 |
       Dungeon |   5945 |   5827 |    118 |   1017 |   3838 |   6 |  990.8 |
               +--------+--------+--------+--------+--------+-----+--------+

Top non-repeatable levels by time:
     D:1: 1355 daAuts
     D:5: 1227 daAuts
     D:4: 1225 daAuts
     D:3: 1056 daAuts
     D:2: 872 daAuts
     D:6: 208 daAuts
